 Dungeon Crawl Stone Soup version 0.31-a0-1620-gcbf77bbcfc (webtiles) character file.

Game seed: 16769755399737024906

4809 senseless the Fighter (level 10, -12/81 HPs)
             Began as a Demonspawn Fighter on Jan 11, 2024.
             Was an Initiate of Gozag.
             Mangled by a skeletal warrior
             ... wielding a +2 glaive of freezing
              (14 damage)
             ... on level 7 of the Dungeon.
             The game lasted 00:17:17 (5645 turns).

senseless the Fighter (Demonspawn Fighter)          Turns: 5645, Time: 00:17:21

Health: -12/81     AC: 19    Str: 27    XL:     10   Next: 24%
Magic:  10/10      EV:  7    Int:  9    God:    Gozag
Gold:   504        SH:  0    Dex: 12    Spells: 9/9 levels left

rFire   . . .        z - +3 battleaxe
rCold   . . .        (shield currently unavailable)
rNeg    . . .        v - +0 plate armour
rPois   .            m - +2 helmet
rElec   .            (no cloak)
rCorr   .            (no gloves)
SInv    .            (no boots)
Will    .....        (no amulet) Stlth
                     y - +4 ring of slaying
HPRegen 2.33/turn    x - +6 ring of strength
MPRegen 0.12/turn

%: no passive effects
@: gold aura
A: slimy green scales 2, powered by death 3, spiny 2
a: Renounce Religion, Potion Petition, Call Merchant, Bribe Branch


You were on level 7 of the Dungeon.
You worshipped Gozag.
Gozag was pleased with you.
You visited 2 branches of the dungeon, and saw 8 of its levels.

You collected 2352 gold pieces.
You spent 1793 gold pieces at shops.
You paid 55 gold pieces to Gozag.

Inventory:

Hand Weapons
 a - a +3 war axe
 z - a +3 battleaxe (weapon)
Missiles
 f - 6 javelins
 o - 18 poisoned darts (quivered)
Armour
 b - a +2 leather armour of poison resistance
 c - a +0 buckler
 m - a +2 helmet (worn)
 v - a +0 plate armour (worn)
Jewellery
 x - a +6 ring of strength (right hand)
 y - a +4 ring of slaying (left hand)
Talismans
 k - a serpent talisman
Wands
 d - a wand of paralysis (8)
Scrolls
 n - 2 scrolls of fog
 q - 4 scrolls of teleportation
 r - a scroll of summoning {unknown}
 u - 2 scrolls of enchant armour
 w - a scroll of vulnerability {unknown}
Potions
 e - 6 potions of curing
 g - a potion of berserk rage {unknown}
 h - 3 potions of enlightenment
 i - a potion of lignification {unknown}
 j - 3 potions of degeneration {unknown}
 l - 2 potions of brilliance {unknown}
 p - a potion of invisibility {unknown}
 s - 2 potions of heal wounds {unknown}
 t - a potion of resistance {unknown}


   Skills:
 + Level 8.3 Fighting
 + Level 7.2 Axes
 + Level 7.6 Armour
 - Level 7.1 Shields


You had 9 spell levels left.
You didn't know any spells.
Your spell library contained the following spells:

 Spells                   Type           Power      Damage    Failure   Level
 Sting                    Conj/Alch      0%         1d3       99%         1
 Blink                    Tloc           0%         N/A       99%         2
 Lesser Beckoning         Tloc           0%         N/A       99%         2
 Mercury Vapours          Alch/Air       0%         N/A       99%         2
 Momentum Strike          Conj/Tloc      0%         3d8       99%         2
 Anguish                  Hex/Necr       0%         N/A       100%        4
 Cause Fear               Hex            0%         N/A       100%        4
 Olgreb's Toxic Radiance  Alch           0%         N/A       100%        4
 Enfeeble                 Hex            0%         N/A       100%        7


Dungeon Overview and Level Annotations

Branches:
Dungeon (7/15)             Temple (1/1) D:4

Altars:
Cheibriados
Dithmenos
Fedhas
Gozag
Hepliaklqana
Kikubaaqudgha
Makhleb
Nemelex Xobeh
Okawaru
Ru
Sif Muna
Trog
Uskayaw
Vehumet
Wu Jian
Xom
Yredelemnul

Shops:
D:4 ?   D:6 =


Innate Abilities, Weirdness & Mutations

You are mostly covered in slimy green scales. (AC +3)
You regenerate a lot of health from kills.
You are mostly covered in sharp spines.


Message History

The skeletal warrior hits you from afar with a +2 glaive of freezing.
The skeletal warrior freezes you.
The skeletal warrior hits you with a +2 glaive of freezing!
The skeletal warrior freezes you.
There is an open door, spattered with blood here.
You see here 7 gold pieces.
You slice the skeletal warrior!!
The skeletal warrior is moderately damaged.
The skeletal warrior hits you with a +2 glaive of freezing.
The skeletal warrior freezes you.
You hit the skeletal warrior.
The skeletal warrior is moderately damaged.
The howler monkey hoots and howls with incredible vigour!
The skeletal warrior hits you with a +2 glaive of freezing!
The skeletal warrior freezes you.
You are too injured to fight recklessly!
You are too injured to fight recklessly!
You are too injured to fight recklessly!
You are too injured to fight recklessly!
You are too injured to fight recklessly!
You are too injured to fight recklessly!
You are too injured to fight recklessly!
You are too injured to fight recklessly!
You are too injured to fight recklessly!
You are too injured to fight recklessly!
You are too injured to fight recklessly!
You are too injured to fight recklessly!
You are too injured to fight recklessly!
You are too injured to fight recklessly!
You are too injured to fight recklessly!
You are too injured to fight recklessly!
You slash the skeletal warrior!
The skeletal warrior is severely damaged.
The skeletal warrior hits you with a +2 glaive of freezing!!
* * * LOW HITPOINT WARNING * * *
The skeletal warrior freezes you!
* * * LOW HITPOINT WARNING * * *
The skeletal warrior hits you with a +2 glaive of freezing!
You die...
Your body crumbles into a pile of gold.

...# ##.###.###.#
##.########.## ##.##.#
##.........## ##...#
###########.# ##..### .#
#.# #.#.# .# ########
##### .######.#...####
........#.♣.)..######
######..#.♣.#..)@zF.#
#.##.♣.######h.+
#.##........# ## #####
#.#########.# ### #...#
#.#♣♣.♣♣ ♣♣.♣♣#♣♣.♣♣#.#.#
#.#♣.♣.♣#♣.~≈≈#♣.≈.♣#.#.#
#.#..♣..#♣~.♣♣#.≈≈≈.#.#.#
#.#.♣♣♣.#~♣♣♣ #.≈≈≈.#.#.#
#.#..♣..#♣~P♣ #.≈≈≈.#.#.#


You could see a skeletal warrior, a bullfrog and a howler monkey (catching
breath).

Vanquished Creatures
  A gargoyle (D:7)
  A troll (D:6)
  Grinder (D:4)
  Sigmund (D:2)
  A wraith (D:7)
  6 yaks (D:7)
  Eustachio (D:4)
  A water moccasin (D:5)
  A sky beast (D:7)
  2 orc warriors
  3 centaurs
  2 ogres
  2 phantoms
  A kobold brigand (D:7)
  5 bullfrogs (D:7)
  A gnoll sergeant (D:5)
  3 scorpions
  2 howler monkeys
  3 bombardier beetles (D:4)
  An electric eel (D:7)
  3 jellies (D:6)
  3 orc priests (D:7)
  7 hounds
  3 iguanas
  2 sleepcaps
  5 orc wizards (D:7)
  Natasha (thrice) (D:3)
  5 adders
  7 gnolls (D:5)
  A shadow imp (D:5)
  A white imp (D:7)
  4 ufetubi (D:6)
  A ribbon worm (D:2)
  A dart slug (D:5)
  12 orcs
  4 bat skeletons (D:6)
  3 bat zombies (D:6)
  11 endoplasms
  2 giant cockroaches (D:2)
  7 goblins
  4 hobgoblins
  5 quokkas
  7 ball pythons
  7 bats
  8 frilled lizards (D:3)
  16 kobolds
  7 rats
178 creatures vanquished.

Vanquished Creatures (others)
  An arcanist (D:3)
1 creature vanquished.

Grand Total: 179 creatures vanquished

Notes
Turn   | Place    | Note
-------+----------+-------------------------------------------
     0 | D:1      | senseless the Demonspawn Fighter began the quest for the
                  | Orb.
     0 | D:1      | Reached XP level 1. HP: 18/18 MP: 1/1
   271 | D:1      | Gained mutation: You are partially covered in slimy green
                  | scales. (AC +2) [demonic ancestry]
   271 | D:1      | Reached XP level 2. HP: 22/24 MP: 2/2
   748 | D:2      | Gained mutation: You regenerate a little health from kills.
                  | [demonic ancestry]
   748 | D:2      | Reached XP level 3. HP: 17/29 MP: 3/3
  1001 | D:2      | Noticed Sigmund
  1020 | D:2      | Killed Sigmund
  1021 | D:2      | Reached skill level 4 in Fighting
  1021 | D:2      | Reached XP level 4. HP: 33/37 MP: 4/4
  1021 | D:2      | Gained mutation: You are partially covered in sharp spines.
                  | [demonic ancestry]
  1021 | D:2      | Reached XP level 5. HP: 38/42 MP: 5/5
  1584 | D:3      | Found a shadowy altar of Dithmenos.
  1763 | D:3      | Gained mutation: You regenerate health from kills. [demonic
                  | ancestry]
  1763 | D:3      | Reached XP level 6. HP: 48/48 MP: 6/6
  1778 | D:3      | Noticed Natasha
  1788 | D:3      | Killed Natasha
  1810 | D:3      | Noticed Natasha
  1815 | D:3      | Killed Natasha
  1885 | D:3      | Noticed Natasha
  1892 | D:3      | Killed Natasha
  2071 | D:3      | Found a bloodstained altar of Trog.
  2072 | D:3      | Noticed a wizard
  2077 | D:3      | Killed a wizard
  2272 | D:3      | Found a burning altar of Makhleb.
  2450 | D:4      | Noticed Grinder
  2454 | D:4      | Paralysed by Grinder for 3 turns
  2461 | D:4      | Killed Grinder
  2462 | D:4      | Reached skill level 5 in Fighting
  2462 | D:4      | Gained mutation: You regenerate a lot of health from kills.
                  | [demonic ancestry]
  2462 | D:4      | Reached XP level 7. HP: 29/56 MP: 7/7
  2712 | D:4      | Found a staircase to the Ecumenical Temple.
  2747 | D:4      | Found Uqokufit's Magic Scroll Shop.
  2776 | Temple   | Entered the Ecumenical Temple
  2783 | Temple   | Became a worshipper of Gozag Ym Sagoz the Greedy
  2813 | D:4      | Bought a scroll of teleportation for 33 gold pieces
  2813 | D:4      | Bought a scroll of enchant armour for 82 gold pieces
  2936 | D:4      | Noticed Eustachio
  2966 | D:4      | Killed Eustachio
  3104 | D:4      | Found a sparkling altar of Nemelex Xobeh.
  3136 | D:5      | Entered Level 5 of the Dungeon
  3150 | D:5      | Reached skill level 5 in Shields
  3152 | D:5      | Reached skill level 5 in Armour
  3152 | D:5      | Gained mutation: You are mostly covered in sharp spines.
                  | [demonic ancestry]
  3152 | D:5      | Reached XP level 8. HP: 49/63 MP: 8/8
  3281 | D:4      | Bought a scroll of enchant weapon for 82 gold pieces
  3486 | D:5      | Reached skill level 6 in Fighting
  3486 | D:5      | Reached skill level 5 in Axes
  3921 | D:6      | Noticed a troll
  3938 | D:6      | Killed a troll
  4235 | D:6      | Found a hazy altar of Hepliaklqana.
  4263 | D:6      | Reached XP level 9. HP: 71/71 MP: 9/9
  4400 | D:6      | Found Gusurime's Jewellery Emporium.
  4558 | D:6      | Found an ancient bone altar of Kikubaaqudgha.
  4827 | D:7      | Identified a scroll of acquirement
  4827 | D:7      | Acquired 1201 gold pieces
  4937 | D:6      | Bought a +6 ring of strength for 504 gold pieces
  4937 | D:6      | Bought a +4 ring of slaying for 1092 gold pieces
  5016 | D:7      | Reached skill level 7 in Fighting
  5139 | D:7      | Found a shimmering altar of Xom.
  5447 | D:7      | Gained mutation: You are mostly covered in slimy green
                  | scales. (AC +3) [demonic ancestry]
  5447 | D:7      | Reached XP level 10. HP: 80/80 MP: 10/10
  5495 | D:7      | Reached skill level 8 in Fighting
  5604 | D:7      | Noticed a gargoyle
  5615 | D:7      | Killed a gargoyle
  5639 | D:7      | Noticed a skeletal warrior
  5645 | D:7      | HP: 2/81 [skeletal warrior/+2 glaive of freezing (13)]
  5645 | D:7      | Mangled by a skeletal warrior

Illustrated notes

Levels and vault maps discovered:
D:1:      minmay_arrival_glassed_features, layout_loops_cross,
          minmay_stone_trees_medium
D:2:      layout_basic, minmay_indecisive_spiral, uniq_sigmund
D:3:      layout_loops_cross, trog_wizard, lightli_temple_of_fire,
          nicolae_dithmenos_through_a_glass_darkly, minmay_lizard_king,
          uniq_natasha
D:4:      minmay_wonky_spiral, layout_gridville, nemelex_dance_club_becter,
          minmay_temple_entry_glassed_door, serial_shops, shop, uniq_grinder,
          uniq_eustachio
D:5:      layout_basic
D:6:      layout_loops_ring, kennysheep_vampire_church, amcnicky_altar_gilded,
          serial_shops, nicolae_shop_tiny_waterfront
D:7:      nzn_winding_woodlands_three_and_one [nzn_winding_woodlands_5x15_twine,
          nzn_winding_woodlands_5x15_lazy_stream,
          nzn_winding_woodlands_5x15_river_crossing,
          nzn_winding_woodlands_center_lodge], layout_loops_ring,
          general_overflow_altar
Temple:   cyrus_circular_temple

Skill      XL: |  1  2  3  4  5  6  7  8  9 10 |
---------------+-------------------------------+-----
Axes           | 2 3 4 5 6 7 |  7.2
Armour         | 3 4 5 6 7 |  7.6
Shields        | 3 4 5 6 7 |  7.1
Fighting       | 4 5 6 7 8 |  8.3

Action                     |  1- 3 |  4- 6 |  7- 9 | 10-12 || total
---------------------------+-------+-------+-------+-------++-------
  Melee: War axe           |   116 |    77 |   196 |       ||   389
         Battleaxe         |       |       |    11 |    33 ||    44
  Throw: Javelin           |       |     8 |     6 |       ||    14
         Dart              |       |       |    10 |       ||    10
    Use: Scroll            |       |     4 |     7 |       ||    11
         Potion            |       |       |     2 |       ||     2
   Stab: Distracted        |       |       |     1 |       ||     1
 Armour: Scale mail        |   102 |    50 |     7 |       ||   159
         Chain mail        |       |       |   146 |       ||   146
         Plate armour      |       |       |    63 |    40 ||   103
  Dodge: Dodged            |    48 |    26 |    97 |    10 ||   181
  Block: Buckler           |    25 |    13 |    49 |       ||    87

Table legend: (Time is in decaauts)
 A = Elapsed time spent in this place.
 B = Non-inter-level travel time spent in this place.
 C = Inter-level travel time spent in this place.
 D = Time resting spent in this place.
 E = Time spent auto-exploring this place.
 F = Levels seen in this place.
 G = Mean time per level.
                   A        B        C        D        E       F      G
               +--------+--------+--------+--------+--------+-----+--------+
         Total |   5815 |   5508 |    307 |    108 |   4208 |   8 |  726.9 |
       Dungeon |   5801 |   5506 |    295 |    108 |   4208 |   7 |  828.7 |
        Temple |     14 |      2 |     12 |      0 |      0 |   1 |   14.0 |
               +--------+--------+--------+--------+--------+-----+--------+

Top non-repeatable levels by time:
     D:6: 1021 daAuts
     D:4: 874 daAuts
     D:3: 827 daAuts
     D:2: 803 daAuts
     D:7: 789 daAuts
     D:1: 747 daAuts
     D:5: 737 daAuts
  Temple: 14 daAuts
